[Event "World Chess Olympiad 2018"]
[Site "Batumi"]
[Date "2018.09.26"]
[Round "3.3"]
[White "Camp, Imogen A L"]
[Black "Rodriguez Rueda, Paula Andrea"]
[Result "1/2-1/2"]
[ECO "D55"]
[WhiteElo "1940"]
[BlackElo "2298"]
[PlyCount "84"]
[EventDate "2018.??.??"]
[TimeControl "6000+1125"]
[WhiteClock "0:28:38"]
[BlackClock "0:22:31"]

1. d4 d5 2. c4 e6 3. Nc3 Nf6 4. Bg5 Be7 5. e3 O-O 6. Nf3 c6 7. Qc2 Nbd7 8. cxd5
exd5 9. Bd3 Re8 10. O-O h6 11. Bf4 Nf8 12. h3 Bd6 13. Bxd6 Qxd6 14. Rab1 Ne6
15. b4 Ng5 16. Nxg5 hxg5 17. Ne2 Ne4 18. Bxe4 dxe4 19. Qc5 Qf6 20. b5 g4 21.
hxg4 Bxg4 22. Ng3 cxb5 23. Rxb5 b6 24. Qg5 Bd7 25. Nh5 Qg6 26. Rd5 Be6 27. Nf4
Qxg5 28. Rxg5 Bxa2 29. Nh5 Kh7 30. Rxg7+ Kh6 31. g4 Rg8 32. Rxg8 Rxg8 33. Ra1
Rxg4+ 34. Ng3 Bc4 35. Rxa7 b5 36. Rb7 f5 37. Kg2 Rg6 38. Rb8 Kg5 39. Rb7 Rg8
40. Rb6 Rg6 41. Rb7 Rg8 42. Rb6 Rg6 1/2-1/2

[Event "World Chess Olympiad 2018"]
[Site "Batumi"]
[Date "2018.10.04"]
[Round "10.2"]
[White "Eynula, Roza"]
[Black "Sivarajasingam, Venetia"]
[Result "1-0"]
[ECO "D56"]
[WhiteElo "2030"]
[BlackElo "1771"]
[PlyCount "61"]
[EventDate "2018.??.??"]
[TimeControl "6000+1760"]
[WhiteClock "0:01:04"]
[BlackClock "0:01:02"]

1. d4 d5 2. c4 e6 3. Nc3 Be7 4. Nf3 Nf6 5. Bg5 O-O 6. e3 h6 7. Bh4 Nbd7 8. Qc2
dxc4 9. Bxc4 a6 10. a4 c5 11. O-O cxd4 12. Nxd4 Nb6 13. Ba2 Bd7 14. Rfd1 Qc8
15. a5 Nbd5 16. Bxd5 exd5 17. Bxf6 Bxf6 18. Nxd5 Bd8 19. Qd2 Qc5 20. e4 Re8 21.
Qf4 Rc8 22. b4 Qf8 23. Nf5 Bg5 24. Qg4 Bxf5 25. Qxf5 Re6 26. f4 Bf6 27. e5 Be7
28. Rac1 Rec6 29. Qxc8 Rxc8 30. Rxc8 Bd8 31. Rxd8 1-0

[Event "World Chess Olympiad 2018"]
[Site "Batumi"]
[Date "2018.10.03"]
[Round "9.3"]
[White "Kaydanovich, Marina"]
[Black "Sivarajasingam, Venetia"]
[Result "1-0"]
[ECO "D31"]
[WhiteElo "1725"]
[BlackElo "1771"]
[PlyCount "69"]
[EventDate "2018.??.??"]
[TimeControl "6000+1475"]
[WhiteClock "0:27:01"]
[BlackClock "0:01:24"]

1. d4 d5 2. c4 e6 3. Nc3 Be7 4. cxd5 exd5 5. Nf3 Nf6 6. Bf4 c6 7. h3 O-O 8. e3
Bf5 9. Bd3 Bxd3 10. Qxd3 Nbd7 11. O-O Re8 12. Rac1 Nf8 13. Ne5 Ne6 14. Bh2 Bd6
15. Na4 Ne4 16. f3 Nf6 17. e4 dxe4 18. fxe4 Ng5 19. Qb3 Bxe5 20. Bxe5 Nfxe4 21.
Qxb7 f6 22. Qb3+ Kh8 23. Bf4 Qxd4+ 24. Kh2 Qd7 25. Qc2 Re6 26. Rfd1 Qe7 27. Rd4
Nf7 28. Rcd1 g5 29. Rd7 Qe8 30. Bc7 Ne5 31. Bxe5 Rxe5 32. Qxc6 Rc8 33. Qb7 Qg8
34. Rxh7+ Qxh7 35. Qxc8+ 1-0

[Event "World Chess Olympiad 2018"]
[Site "Batumi"]
[Date "2018.10.02"]
[Round "8.2"]
[White "Sultana, Sharmin Shirin"]
[Black "Sivarajasingam, Venetia"]
[Result "1-0"]
[ECO "D56"]
[WhiteElo "1974"]
[BlackElo "1771"]
[PlyCount "81"]
[EventDate "2018.??.??"]
[TimeControl "6000+1065"]
[WhiteClock "0:38:57"]
[BlackClock "0:30:55"]

1. d4 d5 2. Nf3 Nf6 3. c4 e6 4. Nc3 Be7 5. Bg5 O-O 6. e3 h6 7. Bh4 Nbd7 8. Qc2
c5 9. Rd1 cxd4 10. Nxd4 dxc4 11. Bxc4 Qc7 12. Be2 a6 13. Bg3 Qa5 14. O-O Ne5
15. Rc1 Bd7 16. Nb3 Qc7 17. Nd5 Nxd5 18. Qxc7 Nxc7 19. Rxc7 Bd8 20. Rxb7 Bc6
21. Rb4 Bf6 22. Nd4 Bd5 23. Ra4 Rfb8 24. b4 Rb6 25. a3 Nc4 26. Bxc4 Bxc4 27.
Rc1 Rc8 28. Ra5 Bxd4 29. exd4 Rbc6 30. Rc5 Bd5 31. f3 Kf8 32. a4 Ke7 33. b5
axb5 34. axb5 Rxc5 35. dxc5 Ra8 36. c6 f6 37. b6 e5 38. Be1 Be6 39. b7 Rb8 40.
Bb4+ Ke8 41. Bd6 1-0

[Event "World Chess Olympiad 2018"]
[Site "Batumi"]
[Date "2018.10.01"]
[Round "7.3"]
[White "Sivarajasingam, Venetia"]
[Black "Koskoska, Gabriela"]
[Result "1/2-1/2"]
[ECO "B40"]
[WhiteElo "1771"]
[BlackElo "2026"]
[PlyCount "129"]
[EventDate "2018.??.??"]
[TimeControl "6000+930"]
[WhiteClock "0:01:53"]
[BlackClock "0:01:10"]

1. e4 c5 2. Nf3 e6 3. c4 Nc6 4. Nc3 Nge7 5. d4 Nxd4 6. Nxd4 cxd4 7. Qxd4 Nc6 8.
Qd1 Bc5 9. Be2 O-O 10. O-O d6 11. Qd3 e5 12. Kh1 Be6 13. f4 exf4 14. Bxf4 Ne5
15. Qg3 f6 16. b3 Bd4 17. Rad1 Bxc3 18. Qxc3 Qc7 19. Qd4 Rfd8 20. Rc1 Qc5 21.
Qd2 a5 22. Rc3 a4 23. Rg3 axb3 24. axb3 Kh8 25. Rd1 Qc6 26. Qd4 Qc5 27. Qxc5
dxc5 28. Rxd8+ Rxd8 29. Bxe5 fxe5 30. Rg5 Rd2 31. Bf1 Rd1 32. Kg1 Kg8 33. Rxe5
Bg4 34. Kf2 Rb1 35. Rxc5 Rxb3 36. e5 Kf7 37. h3 Bd7 38. Be2 Bc6 39. g3 g6 40.
Bg4 h5 41. Bd1 Ra3 42. h4 Ke7 43. g4 Rh3 44. gxh5 gxh5 45. Bxh5 Rxh4 46. Be2
Kd7 47. Kg3 Rd4 48. Bg4+ Kc7 49. Bf3 Rd3 50. Kg4 Kb6 51. Rxc6+ bxc6 52. Be4 Rd4
53. Kf5 Rxc4 54. Bf3 Kc7 55. Ke6 Rf4 56. Be2 Rh4 57. Bf1 Rh6+ 58. Kf7 Kd8 59.
e6 Rh7+ 60. Kf8 Re7 61. Bc4 c5 62. Bd5 Re8+ 63. Kf7 Re7+ 64. Kf8 Rh7 65. Bc4
1/2-1/2

[Event "World Chess Olympiad 2018"]
[Site "Batumi"]
[Date "2018.09.28"]
[Round "5.3"]
[White "Sivarajasingam, Venetia"]
[Black "Santos, Judith"]
[Result "1-0"]
[ECO "B40"]
[WhiteElo "1771"]
[BlackElo "1702"]
[PlyCount "99"]
[EventDate "2018.??.??"]
[TimeControl "6000+1125"]
[WhiteClock "0:12:50"]
[BlackClock "0:14:53"]

1. e4 c5 2. Nf3 e6 3. c4 Nc6 4. Nc3 d6 5. d4 cxd4 6. Nxd4 Nf6 7. Be2 a6 8. O-O
Be7 9. Be3 O-O 10. Qc2 Qc7 11. Rad1 Bd7 12. Nxc6 Bxc6 13. Bf4 Rac8 14. Qd3 Rfd8
15. Rd2 b6 16. Re1 Qb7 17. Bd1 d5 18. cxd5 exd5 19. e5 Ne4 20. Bc2 g6 21. Rdd1
Nxc3 22. bxc3 Bb5 23. Qf3 Qc6 24. Bd2 Bc4 25. e6 f6 26. Qg4 Kg7 27. Qh4 Kg8 28.
Qg4 Qe8 29. Re3 Bd6 30. Rh3 Rc7 31. Re1 Rg7 32. Qd4 Qe7 33. Bh6 Bc5 34. Qd2 d4
35. Bxg7 Qxg7 36. cxd4 Rxd4 37. Qc3 Qe7 38. Bb3 b5 39. Bxc4 Rxc4 40. Qf3 Rc2
41. Qa8+ Kg7 42. Rf3 Rxa2 43. Qd5 Rc2 44. g3 a5 45. Qb3 Bb4 46. Qxc2 Bxe1 47.
Qe4 Bb4 48. Rd3 f5 49. Qe5+ Qf6 50. Rd7+ 1-0

[Event "World Chess Olympiad 2018"]
[Site "Batumi"]
[Date "2018.09.27"]
[Round "4.2"]
[White "Sivarajasingam, Venetia"]
[Black "Leung, Hoi Ting"]
[Result "1-0"]
[ECO "B52"]
[WhiteElo "1771"]
[BlackElo "1284"]
[PlyCount "97"]
[EventDate "2018.??.??"]
[TimeControl "6000+1420"]
[WhiteClock "0:11:58"]
[BlackClock "0:11:35"]

1. e4 c5 2. Nf3 d6 3. Bb5+ Bd7 4. Bxd7+ Nxd7 5. O-O e5 6. c3 Ngf6 7. Re1 Be7 8.
d4 cxd4 9. cxd4 O-O 10. Nc3 Re8 11. Qb3 exd4 12. Nxd4 Nc5 13. Qd1 Rc8 14. Qf3
Qb6 15. Nf5 Bf8 16. Rb1 Re6 17. Bg5 Ncd7 18. Be3 Qa6 19. Nd4 Ne5 20. Qd1 Ree8
21. Bg5 Ned7 22. f3 g6 23. Qd2 Bg7 24. Ndb5 Rc6 25. Red1 Qb6+ 26. Be3 Qd8 27.
Nxd6 Re6 28. Ndb5 Qa8 29. Nd4 Re8 30. Nxc6 bxc6 31. Rbc1 Qb7 32. Qc2 Qa6 33.
Qf2 Qb7 34. Bxa7 Ra8 35. Be3 Re8 36. a4 Qb3 37. a5 Ra8 38. Ra1 Qb4 39. a6 Qb3
40. a7 Qb7 41. Na4 Bf8 42. g4 Ne8 43. Qd2 Ne5 44. Qe2 Bd6 45. f4 Nd7 46. e5 Bf8
47. Qd3 Rd8 48. Nb6 Nxb6 49. Qxd8 1-0

[Event "World Chess Olympiad 2018"]
[Site "Batumi"]
[Date "2018.09.25"]
[Round "2.3"]
[White "Avramidou, Anastasia"]
[Black "Sivarajasingam, Venetia"]
[Result "1-0"]
[ECO "D31"]
[WhiteElo "2260"]
[BlackElo "1771"]
[PlyCount "65"]
[EventDate "2018.??.??"]
[TimeControl "6000+1260"]
[WhiteClock "0:17:00"]
[BlackClock "0:00:40"]

1. d4 e6 2. c4 d5 3. Nc3 Be7 4. cxd5 exd5 5. Bf4 c6 6. e3 Nf6 7. Bd3 Nbd7 8. h3
Nf8 9. Nf3 Ng6 10. Bh2 O-O 11. Qc2 Re8 12. O-O-O b5 13. Kb1 b4 14. Na4 Bd7 15.
Ne5 Qc8 16. g4 Ne4 17. Nxd7 Qxd7 18. f3 Nd6 19. Nc5 Qd8 20. h4 a5 21. g5 Nc4
22. Bxc4 dxc4 23. h5 Nf8 24. g6 Qd5 25. gxh7+ Nxh7 26. e4 Qd8 27. Qxc4 Ng5 28.
h6 g6 29. Be5 Nh7 30. Rdg1 Bf6 31. Rxg6+ Kh8 32. Rxf6 Nxf6 33. Qxf7 1-0

[Event "World Chess Olympiad 2018"]
[Site "Batumi"]
[Date "2018.10.05"]
[Round "11.4"]
[White "Sitoe, Cheila Andre"]
[Black "Sivarajasingam, Shayanna"]
[Result "0-1"]
[ECO "C00"]
[WhiteElo "1545"]
[BlackElo "1788"]
[PlyCount "83"]
[EventDate "2018.??.??"]
[TimeControl "6000+895"]
[WhiteClock "1:34:34"]
[BlackClock "0:32:14"]

1. e4 e6 2. Nf3 d5 3. exd5 exd5 4. d4 Bd6 5. Bd3 Nc6 6. O-O Nge7 7. c3 Bg4 8.
Bg5 f6 9. Bh4 Qd7 10. a4 O-O-O 11. b4 g5 12. Bg3 Bxg3 13. fxg3 h5 14. a5 Nb8
15. b5 c6 16. Qb3 Rdf8 17. Nbd2 Bf5 18. Be2 Ng6 19. bxc6 Nxc6 20. Bb5 Kb8 21.
c4 dxc4 22. Qxc4 Be6 23. Qc5 g4 24. Rab1 Rc8 25. Rfc1 Nge7 26. a6 b6 27. d5
Qxd5 28. Qxd5 Bxd5 29. Ne1 Nd4 30. Rxc8+ Rxc8 31. Bd7 Rd8 32. Ba4 Nec6 33. Nd3
Ne2+ 34. Kf2 Nc3 35. Ra1 Nxa4 36. Rxa4 Bxg2 37. Ke3 Bd5 38. Nf4 Bf7 39. Ne4 f5
40. Ng5 Rd7 41. Nxf7 Rxf7 42. Rd4 0-1

[Event "World Chess Olympiad 2018"]
[Site "Batumi"]
[Date "2018.10.04"]
[Round "10.4"]
[White "Park, Sunwoo"]
[Black "Sivarajasingam, Shayanna"]
[Result "1-0"]
[ECO "C01"]
[WhiteElo "1793"]
[BlackElo "1788"]
[PlyCount "89"]
[EventDate "2018.??.??"]
[TimeControl "6000+2855"]
[WhiteClock "0:46:16"]
[BlackClock "0:34:02"]

1. e4 e6 2. d4 d5 3. exd5 exd5 4. Nf3 Bd6 5. Bd3 Nc6 6. c4 dxc4 7. Bxc4 Qe7+ 8.
Be3 Nf6 9. O-O O-O 10. Re1 Qd8 11. h3 Bf5 12. a3 h6 13. Nc3 a6 14. Nh4 Bh7 15.
Qf3 Nxd4 16. Bxd4 Bh2+ 17. Kxh2 Qxd4 18. Nf5 Bxf5 19. Bxf7+ Rxf7 20. Qxf5 Raf8
21. Rad1 Qb6 22. Qc2 c6 23. f3 Qc7+ 24. Kh1 Qg3 25. Re2 Kh8 26. Red2 Qc7 27.
Qg6 Rd7 28. Rxd7 Nxd7 29. Ne4 Ne5 30. Qe6 Kh7 31. Rd6 Kh8 32. Qxe5 Qf7 33. Nc5
Re8 34. Re6 Rxe6 35. Qxe6 Qf4 36. Qe8+ Kh7 37. Qe4+ Qxe4 38. fxe4 Kg6 39. Kg1
Kf6 40. Kf2 Ke5 41. Ke3 g5 42. Nxb7 h5 43. g4 h4 44. b4 Ke6 45. Kd4 1-0

[Event "World Chess Olympiad 2018"]
[Site "Batumi"]
[Date "2018.10.02"]
[Round "8.4"]
[White "Sultana, Zakia"]
[Black "Sivarajasingam, Shayanna"]
[Result "1/2-1/2"]
[ECO "D02"]
[WhiteElo "1838"]
[BlackElo "1788"]
[PlyCount "81"]
[EventDate "2018.??.??"]
[TimeControl "6000+1170"]
[WhiteClock "0:47:30"]
[BlackClock "0:32:02"]

1. d4 d5 2. Nf3 Nf6 3. Bf4 c5 4. e3 Nc6 5. c3 Qb6 6. Qc1 Bf5 7. Nbd2 e6 8. Be2
Be7 9. h3 Rc8 10. O-O h6 11. Bh2 O-O 12. Rd1 Rfd8 13. dxc5 Bxc5 14. Nb3 Be7 15.
Nbd4 Bh7 16. Bd3 Bxd3 17. Rxd3 Ne4 18. Nxc6 Rxc6 19. Qc2 Bd6 20. Bxd6 Rcxd6 21.
Rd4 Nf6 22. Rb4 Qc7 23. Qb3 b6 24. Rd1 Ne4 25. Nd4 Qe7 26. Qc2 f5 27. Qe2 g6
28. g3 Rf8 29. Kg2 Kh7 30. h4 e5 31. Nb5 Rd7 32. f3 Nc5 33. Na3 Qe6 34. c4 dxc4
35. Rxd7+ Qxd7 36. Rxc4 Rd8 37. Rc2 Qe6 38. b3 Kg7 39. Rd2 Rxd2 40. Qxd2 Qd7
41. Qxd7+ 1/2-1/2

[Event "World Chess Olympiad 2018"]
[Site "Batumi"]
[Date "2018.10.01"]
[Round "7.4"]
[White "Petrovska, Katerina"]
[Black "Sivarajasingam, Shayanna"]
[Result "0-1"]
[ECO "C00"]
[WhiteElo "1966"]
[BlackElo "1788"]
[PlyCount "98"]
[EventDate "2018.??.??"]
[TimeControl "6000+1840"]
[WhiteClock "0:26:09"]
[BlackClock "0:17:23"]

1. e4 e6 2. d4 d5 3. Bd3 dxe4 4. Bxe4 Nf6 5. Bf3 c5 6. Ne2 cxd4 7. Qxd4 Qxd4 8.
Nxd4 a6 9. O-O Bd6 10. Rd1 Bc7 11. Nc3 Nbd7 12. Bg5 h6 13. Be3 O-O 14. Nb3 Re8
15. Nc5 Nxc5 16. Bxc5 e5 17. Nd5 Nxd5 18. Bxd5 Rb8 19. c4 Be6 20. b3 b6 21. Be3
Bf5 22. Rd2 Red8 23. Rad1 Kf8 24. c5 bxc5 25. Bxc5+ Kg8 26. b4 a5 27. bxa5 Bxa5
28. Be7 Bxd2 29. Bxd8 Rxd8 30. Rxd2 Be6 31. Bxe6 Rxd2 32. Bb3 Kf8 33. Kf1 Ke7
34. Ke1 Rb2 35. g3 f5 36. Kf1 e4 37. Bc4 g5 38. h4 Kd6 39. hxg5 hxg5 40. a4 Rc2
41. Bb5 Ra2 42. Be8 Ke5 43. Bd7 f4 44. gxf4+ gxf4 45. Kg2 e3 46. Kf1 Rxf2+ 47.
Ke1 f3 48. Bg4 Kf4 49. Bh5 Rh2 0-1

[Event "World Chess Olympiad 2018"]
[Site "Batumi"]
[Date "2018.09.30"]
[Round "6.4"]
[White "Sivarajasingam, Shayanna"]
[Black "Bach, Ngoc Thuy Duong"]
[Result "0-1"]
[ECO "B51"]
[WhiteElo "1788"]
[BlackElo "2161"]
[PlyCount "106"]
[EventDate "2018.??.??"]
[TimeControl "6000+900"]
[WhiteClock "0:23:24"]
[BlackClock "0:53:09"]

1. e4 c5 2. Nf3 d6 3. Bb5+ Nc6 4. O-O Bd7 5. Re1 Nf6 6. h3 a6 7. Bf1 Ne5 8.
Nxe5 dxe5 9. d3 e6 10. c3 Bc6 11. Bg5 h6 12. Bh4 Be7 13. Nd2 Nd7 14. Bxe7 Qxe7
15. Nc4 O-O 16. Na5 Rac8 17. Nxc6 Rxc6 18. d4 cxd4 19. cxd4 Qb4 20. dxe5 Nxe5
21. b3 Rfc8 22. Re3 Rd6 23. Qe1 Qd4 24. Kh1 Ng6 25. Rc1 Rxc1 26. Qxc1 Rc6 27.
Qe1 Qb2 28. Re2 Rc1 29. Rxb2 Rxe1 30. Kg1 Rxe4 31. Bd3 Re1+ 32. Kh2 Nf4 33. Rd2
Kf8 34. a4 Ke7 35. Kg3 g5 36. Bc4 Ng6 37. f3 Ne5 38. Bd3 Re3 39. Bc2 Rc3 40. h4
Nd7 41. hxg5 hxg5 42. Kg4 f6 43. Kg3 a5 44. Bd1 Nc5 45. Kh3 f5 46. Kh2 Kf6 47.
Rb2 Rd3 48. Bc2 Rd2 49. Kg3 Nd3 50. Ra2 Nb4 51. Rb2 Rxc2 52. Rb1 Nd3 53. Rd1
Nf4 0-1

[Event "World Chess Olympiad 2018"]
[Site "Batumi"]
[Date "2018.09.27"]
[Round "4.4"]
[White "Sivarajasingam, Shayanna"]
[Black "Li, Joy Ching"]
[Result "1-0"]
[ECO "B01"]
[WhiteElo "1788"]
[BlackElo "1137"]
[PlyCount "71"]
[EventDate "2018.??.??"]
[TimeControl "6000+825"]
[WhiteClock "0:04:40"]
[BlackClock "0:43:49"]

1. e4 d5 2. exd5 Nf6 3. Nf3 Nxd5 4. d4 g6 5. c3 Bg7 6. Bd3 b6 7. O-O Bb7 8. Re1
O-O 9. Qe2 Nd7 10. a3 e6 11. Be4 Rb8 12. c4 Ne7 13. Bxb7 Rxb7 14. Bg5 Nf6 15.
d5 Qc8 16. dxe6 Nf5 17. exf7+ Rxf7 18. Nc3 c5 19. Bxf6 Bxf6 20. Nd5 Bg7 21.
Qe8+ Rf8 22. Qxc8 Rxc8 23. g4 Nh6 24. Ne7+ Rxe7 25. Rxe7 Bxb2 26. Ra2 Bf6 27.
Rxa7 Nxg4 28. Re2 Rf8 29. h3 Nh6 30. Re6 Bc3 31. Kg2 Ba5 32. Ree7 Nf7 33. Ne5
Nxe5 34. Rg7+ Kh8 35. Rxh7+ Kg8 36. Rag7# 1-0

[Event "World Chess Olympiad 2018"]
[Site "Batumi"]
[Date "2018.09.26"]
[Round "3.4"]
[White "Franco Valencia, Angela"]
[Black "Sivarajasingam, Shayanna"]
[Result "1-0"]
[ECO "C10"]
[WhiteElo "2188"]
[BlackElo "1788"]
[PlyCount "101"]
[EventDate "2018.??.??"]
[TimeControl "6000+1285"]
[WhiteClock "0:26:48"]
[BlackClock "0:28:34"]

1. e4 e6 2. d4 d5 3. Nc3 dxe4 4. Nxe4 Bd7 5. Nf3 Bc6 6. Bd3 Nd7 7. Qe2 Ngf6 8.
Bg5 Be7 9. Ng3 Bxf3 10. Qxf3 c6 11. O-O O-O 12. c3 Nd5 13. Bxe7 Qxe7 14. c4
N5f6 15. Rfe1 Qd6 16. Rad1 Rfe8 17. Bc2 h6 18. h3 Qc7 19. Qa3 Rad8 20. Bb1 b6
21. Qc3 Rc8 22. Qf3 b5 23. b3 a6 24. Ne2 Nb6 25. Rc1 Qd7 26. Red1 Red8 27. Nf4
Qe7 28. Qe3 Qb7 29. Nd3 Na8 30. Nc5 Qb6 31. Ne4 Nxe4 32. Qxe4 g6 33. Qf4 Kg7
34. Qe5+ Kh7 35. h4 Qc7 36. Qe2 Kg7 37. h5 Re8 38. hxg6 fxg6 39. Rc3 e5 40. Rg3
Re6 41. Bf5 Rce8 42. Bxe6 Rxe6 43. d5 cxd5 44. cxd5 Re8 45. d6 Qd7 46. Re3 Nb6
47. Rxe5 Rxe5 48. Qxe5+ Kf7 49. Qh8 Ke6 50. Qxh6 Kf6 51. Qf4+ 1-0

[Event "World Chess Olympiad 2018"]
[Site "Batumi"]
[Date "2018.09.25"]
[Round "2.4"]
[White "Sivarajasingam, Shayanna"]
[Black "Markantonaki, Haritomeni"]
[Result "0-1"]
[ECO "B40"]
[WhiteElo "1788"]
[BlackElo "2149"]
[PlyCount "72"]
[EventDate "2018.??.??"]
[TimeControl "6000+1505"]
[WhiteClock "0:05:24"]
[BlackClock "0:29:42"]

1. e4 c5 2. Nf3 e6 3. c4 Nc6 4. Nc3 Nd4 5. Nxd4 cxd4 6. Ne2 e5 7. d3 Nf6 8. g3
b5 9. b3 h5 10. h4 Ng4 11. Bg2 Bb4+ 12. Bd2 Qa5 13. Bxb4 Qxb4+ 14. Kf1 Qe7 15.
Ng1 Rb8 16. Bh3 d6 17. Rb1 O-O 18. Bxg4 Bxg4 19. f3 Bd7 20. Kg2 f5 21. Nh3 fxe4
22. fxe4 Bg4 23. Qd2 Bf3+ 24. Kh2 Bxh1 25. Rxh1 bxc4 26. bxc4 Qf6 27. Rg1 Qf3
28. Rg2 Rb1 29. Qc2 Qd1 30. Qxd1 Rxd1 31. Nf2 Rd2 32. Kg1 Rxa2 33. Nh3 Rxg2+
34. Kxg2 a5 35. Ng5 a4 36. Nf3 Rxf3 0-1